 Dungeon Crawl Stone Soup version 0.29-a0-398-ge13fd1374b (webtiles) character file.

Game seed: 16783444484314283667

875 Hubjo the Firebug (level 7, -2/41 HPs)
             Began as a Deep Elf Fire Elementalist on May 11, 2022.
             Splashed by a jelly's acid (7 damage)
             ... on level 5 of the Dungeon on May 12, 2022.
             The game lasted 00:07:43 (5439 turns).

Hubjo the Firebug (Deep Elf Fire Elementalist)      Turns: 5439, Time: 00:07:47

Health: -2/41      AC:  3    Str:  5    XL:     7   Next: 74%
Magic:  26/26      EV: 11    Int: 22    God:
Gold:   248        SH:  0    Dex: 15    Spells: 12/17 levels left

rFire   + + +      SeeInvis +   C - +5 falchion (holy)
rCold   + . .      Faith    .   (no shield)
rNeg    . . .      Spirit   .   p - +0 leather armour of Omission {rElec rF+++ SInv}
rPois   .          Reflect  .   (no helmet)
rElec   +          Harm     .   e - scarf {rC+ rF+}
rCorr   .          Rampage  .   (no gloves)
Will    .....                   (no boots)
Stlth   +++.......              (no amulet)
HPRegen 0.13/turn               g - ring of magical power
MPRegen 0.20/turn               h - +4 ring of protection

@: corroded
A: no striking features
a: no special abilities


You were on level 5 of the Dungeon.
You visited 1 branch of the dungeon, and saw 5 of its levels.

You collected 248 gold pieces.

Inventory:

Hand Weapons
 z - a +5 whip
 C - a +5 falchion of holy wrath (weapon)
Missiles
 j - 2 throwing nets
Armour
 a - a +0 robe
 e - a scarf of resistance (worn)
 p - the +0 leather armour of Omission (worn) {rElec rF+++ SInv}
   (You found it on level 2 of the Dungeon)

   rF:        It renders you almost immune to fire.
   rElec:     It insulates you from electricity.
   SInv:      It lets you see invisible.
Jewellery
 g - a ring of magical power (left hand)
 h - a +4 ring of protection (right hand)
Wands
 v - a wand of mindburst (29)
Scrolls
 f - 2 scrolls of teleportation
 i - a scroll of vulnerability
 l - a scroll of immolation {unknown}
 m - a scroll of silence
 q - a scroll of blinking {unknown}
 w - 2 scrolls of noise
 y - a scroll of enchant armour
 A - a scroll of identify
Potions
 b - a potion of magic
 c - 3 potions of heal wounds {unknown}
 d - 4 potions of curing {unknown}
 k - a potion of berserk rage {unknown}
 n - a potion of flight {unknown}
 o - 3 potions of degeneration {unknown}
 r - a potion of mutation {unknown}
 s - a potion of haste
 t - a potion of cancellation {unknown}
 u - 2 potions of attraction {unknown}
 x - a potion of might {unknown}
 B - a potion of ambrosia {unknown}


   Skills:
 + Level 3.5 Fighting
 - Level 2.4 Dodging
 + Level 5.6 Stealth
 + Level 5.9 Spellcasting
 - Level 1.1 Conjurations
 * Level 6.4 Fire Magic


You had 12 spell levels left.
You knew the following spells:

 Your Spells              Type           Power      Damage    Failure   Level
a - Foxfire               Conj/Fire      92%        2x1d8     3%          1
b - Flame Wave            Conj/Fire      23%        2d7       32%         4

Your spell library contained the following spells:

 Spells                   Type           Power      Damage    Failure   Level
 Scorch                   Fire           68%        2d8       1%          2
 Conjure Flame            Conj/Fire      23%        6-21      10%         3
 Inner Flame              Hex/Fire       20%        N/A       12%         3
 Slow                     Hex            24%        N/A       16%         1
 Summon Small Mammal      Summ           24%        N/A       16%         1
 Static Discharge         Conj/Air       8%         N/A       19%         2
 Sticky Flame             Conj/Fire      23%        2d4       32%         4
 Call Canine Familiar     Summ           6%         N/A       43%         3
 Confusing Touch          Hex            6%         N/A       43%         3
 Gell's Gravitas          Tloc           6%         N/A       43%         3
 Lesser Beckoning         Tloc           6%         N/A       43%         3
 Summon Guardian Golem    Hex/Summ       6%         N/A       43%         3
 Teleport Other           Tloc           6%         N/A       43%         3
 Vampiric Draining        Necr           6%         2d6       43%         3
 Dispel Undead            Necr           6%         3d8       83%         4


Dungeon Overview and Level Annotations

Branches:
Dungeon (5/15)
 Temple: D:4-7

Altars:

Shops:
D:5 ?


Message History

C - a +5 falchion of holy wrath Your foxfire dissipates!
Your +5 falchion of holy wrath softly glows with a divine radiance!
C - a +5 falchion of holy wrath (weapon)
An ufetubus comes into view.
An ufetubus is nearby!
An ufetubus is nearby!
An ufetubus is nearby!
You conjure some foxfire!
You conjure some foxfire!
The foxfire hits the ufetubus.
The ufetubus is burned terribly!
The ufetubus is heavily wounded.
The foxfire hits the ufetubus but does no damage.
The ufetubus is heavily wounded.
The foxfire hits the ufetubus.
The ufetubus is heavily wounded.
You hit the ufetubus.
You kill the ufetubus!
Your foxfire dissipates!
A jelly comes into view.
A jelly is nearby!
The jelly quivers.
You barely miss the jelly. The jelly closely misses you.
You completely miss the jelly. The jelly hits you. The acid corrodes you!
You are splashed with acid!
The jelly misses you.
You hit the jelly.
Your hands burn!
The jelly is moderately wounded.
The jelly closely misses you.
You hit the jelly. The acid corrodes you!
Your hands burn!
The jelly is severely wounded.
The jelly hits you.
You are splashed with acid!
* * * LOW HITPOINT WARNING * * *
You are too injured to fight recklessly!
You hit the jelly.
Your hands burn!
* * * LOW HITPOINT WARNING * * *
The jelly is severely wounded.
The jelly misses you. The jelly hits you.
* * * LOW HITPOINT WARNING * * *
You are splashed with acid!
You die...

#. #.#.# #. #.####
#.#.###.
#..<.###.#.(... .
####..##..##..#
..### ##.(.#.....#
...### ###........
...######.#####. #
####.#......# #
#.#@.....######
......J.###.####
######.........#
#.........##
#..........##
.........[...######
##........#.......##
#........##).###...
#............# ####


You could see a jelly.

Vanquished Creatures
  Grinder (D:4)
  Sigmund (D:4)
  Eustachio (D:5)
  Duvessa (D:5)
  Dowan (D:5)
  A hound (D:4)
  An iguana (D:4)
  3 orc wizards (D:4)
  3 adders
  2 ufetubi
  A worm (D:2)
  A dart slug (D:3)
  10 orcs
  7 ball pythons
  3 endoplasms
  3 giant cockroaches
  4 goblins
  5 hobgoblins
  7 jackals (D:1)
  A quokka (D:4)
  6 bats
  3 frilled lizards
  4 kobolds
  4 rats
74 creatures vanquished.

Vanquished Creatures (others)
  424 foxfires
424 creatures vanquished.

Grand Total: 498 creatures vanquished

Notes
Turn   | Place    | Note
-------+----------+-------------------------------------------
     0 | D:1      | Hubjo the Deep Elf Fire Elementalist began the quest for
                  | the Orb.
     0 | D:1      | Reached XP level 1. HP: 10/10 MP: 6/6
   205 | D:1      | Found a faded altar of an unknown god.
   368 | D:1      | Reached XP level 2. HP: 16/16 MP: 5/8
   504 | D:1      | Reached skill level 1 in Fighting
  1823 | D:2      | Reached XP level 3. HP: 20/20 MP: 9/9
  2203 | D:2      | Identified the +0 leather armour of Omission {rElec rF+++
                  | SInv}
  3051 | D:3      | Reached XP level 4. HP: 26/26 MP: 11/11
  3056 | D:3      | Learned a level 4 spell: Flame Wave
  3823 | D:4      | Reached skill level 4 in Fire Magic
  3867 | D:4      | Reached XP level 5. HP: 30/30 MP: 13/13
  4123 | D:4      | Noticed Grinder
  4124 | D:4      | Noticed Sigmund
  4128 | D:4      | Killed Grinder
  4129 | D:4      | Reached skill level 5 in Fire Magic
  4129 | D:4      | Reached XP level 6. HP: 36/36 MP: 15/15
  4133 | D:4      | Killed Sigmund
  4134 | D:4      | Reached skill level 5 in Spellcasting
  4134 | D:4      | Reached XP level 7. HP: 41/41 MP: 12/16
  4477 | D:4      | Reached skill level 5 in Stealth
  4673 | D:5      | Entered Level 5 of the Dungeon
  4693 | D:5      | Found Lehuath's Magic Scroll Shoppe.
  5218 | D:4      | Upgraded the game from 0.29-a0-397-g846e4a0bbc to
                  | 0.29-a0-398-ge13fd1374b
  5275 | D:5      | Noticed Duvessa
  5276 | D:5      | Noticed Dowan
  5282 | D:5      | Killed Duvessa
  5283 | D:5      | Reached skill level 6 in Fire Magic
  5287 | D:5      | Killed Dowan
  5351 | D:5      | Noticed Eustachio
  5393 | D:5      | Killed Eustachio
  5439 | D:5      | Splashed by a jelly's acid

Illustrated notes

Levels and vault maps discovered:
D:1:      roderic_chinese_lattice_arrival, layout_basic,
          hellmonk_ecumenical_altar_arch_garden, serial_corexii_hall,
          corexii_hall_statues_i, corexii_hall_statues_x,
          corexii_hall_statues_deadend, chequers_hall_statues_corner_a,
          chequers_hall_statues_corner_a, corexii_hall_statues_x
D:2:      layout_loops_corners, st_stairs_7, minmay_tetromino_i2
D:3:      layout_loops_cross
D:4:      layout_rooms, uniq_grinder, uniq_sigmund
D:5:      layout_rooms, minmay_temple_entry_purple_smoke, serial_shops,
          nicolae_square_shop, uniq_eustachio, uniq_duvessa, uniq_ijyb

Skill      XL: |  1  2  3  4  5  6  7 |
---------------+----------------------+-----
Fighting       | 1 2 3 |  3.5
Stealth        | 3 4 5 |  5.6
Spellcasting   | 4 5 |  5.9
Fire Magic     | 4 5 6 |  6.4
Dodging        | |  2.4
Conjurations   | |  1.1

Action                   |  1- 3 |  4- 6 |  7- 9 || total
-------------------------+-------+-------+-------++-------
Melee: Unarmed           |     2 |       |     1 ||     3
       Falchion          |       |       |     6 ||     6
       Whip              |       |       |     2 ||     2
 Cast: Foxfire           |   128 |    82 |    54 ||   264
  Use: Scroll            |     1 |       |     4 ||     5
Armor: Leather armour    |     4 |     4 |     5 ||    13
Dodge: Dodged            |     8 |     5 |    12 ||    25

Table legend: (Time is in decaauts)
 A = Elapsed time spent in this place.
 B = Non-inter-level travel time spent in this place.
 C = Inter-level travel time spent in this place.
 D = Time resting spent in this place.
 E = Time spent auto-exploring this place.
 F = Levels seen in this place.
 G = Mean time per level.
                   A        B        C        D        E       F      G
               +--------+--------+--------+--------+--------+-----+--------+
         Total |   5439 |   5374 |     65 |    477 |   4148 |   5 | 1087.8 |
       Dungeon |   5439 |   5374 |     65 |    477 |   4148 |   5 | 1087.8 |
               +--------+--------+--------+--------+--------+-----+--------+

Top non-repeatable levels by time:
     D:1: 1557 daAuts
     D:4: 1458 daAuts
     D:3: 1168 daAuts
     D:2: 989 daAuts
     D:5: 265 daAuts
